 Dungeon Crawl Stone Soup version 0.24.0-2-g5b39cebb1c (webtiles) character file.

Game seed: 2179190372434400934, levelgen mode: deterministic

45047 Froggeryz the Arsonist (level 13, -6/74 HPs)
             Began as a Deep Elf Assassin on Oct 29, 2019.
             Was a High Priest of Vehumet.
             Mangled by a seven-headed hydra (15 damage)
             ... on level 6 of the Lair of Beasts.
             The game lasted 00:58:28 (20916 turns).

Froggeryz the Arsonist (Deep Elf Assassin)         Turns: 20916, Time: 00:58:28

Health: -6/74      AC: 11    Str: 11    XL:     13   Next: 99%
Magic:  13/28      EV: 15    Int: 22    God:    Vehumet [*****.]
Gold:   709        SH: 12    Dex: 16    Spells: 7/31 levels left

rFire    . . .     SeeInvis +   G - +10 rapier of Recklessness {pierce, rC+ Str+3}
rCold    + + +     Gourm    .   P - +2 buckler
rNeg     . . .     Faith    .   l - +2 robe {rC+}
rPois    .         Spirit   .   Q - +0 helmet {SInv}
rElec    .         Reflect  +   c - +1 cloak
rCorr    .         Harm     .   g - +2 pair of gloves
MR       +....                  i - +0 pair of boots
Stlth    +++.......             z - +5 amulet of reflection
HPRegen  0.22/turn              j - ring of wizardry
MPRegen  0.21/turn              H - ring of protection from cold

@: studying Armour
A: no striking features
a: Renounce Religion


You were on level 6 of the Lair of Beasts.
You worshipped Vehumet.
Vehumet was extremely pleased with you.
You were not hungry.

You visited 3 branches of the dungeon, and saw 19 of its levels.

You collected 1056 gold pieces.
You spent 347 gold pieces at shops.

Inventory:

Hand Weapons
 G - the +10 rapier of Recklessness (weapon) {pierce, rC+ Str+3}
   (You bought it in a shop on level 7 of the Dungeon)

   It inflicts extra damage upon your enemies.
   It affects your strength (+3).
   It protects you from cold.
Missiles
 e - 2 curare-tipped darts
 w - 26 poisoned darts
 M - 6 silver javelins (quivered)
 X - a throwing net
Armour
 c - a +1 cloak (worn)
 g - a +2 pair of gloves (worn)
 i - a +0 pair of boots (worn)
 l - a +2 robe of cold resistance (worn)
 F - a +2 leather armour of positive energy
 P - a +2 buckler (worn)
 Q - a +0 helmet of see invisible (worn)
Magical Staves
 I - an uncursed staff of summoning
Jewellery
 j - a ring of wizardry (left hand)
 z - a +5 amulet of reflection (around neck)
 B - an uncursed ring of ice {unknown}
 C - the ring of Nomas {+Blink MR+ Stlth-}
   (You found it on level 10 of the Dungeon)

   [ring of attention]

   It affects your resistance to hostile enchantments.
   It lets you blink.
   It makes you less stealthy.
 H - a ring of protection from cold (right hand)
 K - a +4 ring of evasion
 S - an uncursed amulet of magic regeneration {unknown}
Wands
 d - a wand of disintegration (12)
 o - a wand of polymorph (15)
 y - a wand of digging (7)
 A - a wand of acid (20)
 J - a wand of paralysis (9)
 L - a wand of iceblast (5)
 W - a wand of random effects (6)
 Y - a wand of flame (12)
Scrolls
 b - 5 scrolls of identify
 m - 8 scrolls of magic mapping
 u - 4 scrolls of remove curse
 D - a scroll of noise
 E - 5 scrolls of teleportation
 O - a scroll of enchant armour
Potions
 a - 2 potions of mutation {unknown}
 h - 5 potions of lignification
 k - a potion of might
 n - 4 potions of curing
 p - 2 potions of haste {unknown}
 q - a potion of flight
 r - 3 potions of brilliance
 s - a potion of heal wounds
 x - 2 potions of cancellation
 N - a potion of invisibility {unknown}
 R - 2 potions of degeneration {unknown}
 T - a potion of berserk rage
Books
 t - a manual of Armour
Miscellaneous
 v - a crystal ball of energy
Comestibles
 f - 28 rations
 U - a chunk of flesh


   Skills:
 + Level 6.2 Fighting
 - Level 10.0 Short Blades
 - Level 2.0 Throwing
 - Level 4.7 Dodging
 - Level 4.8 Stealth
 - Level 5.0 Shields
 + Level 9.8 Spellcasting
 - Level 12.4 Conjurations
 - Level 14.0 Fire Magic
 - Level 5.2 Poison Magic
 - Level 5.0 Evocations


You had 7 spell levels left.
You knew the following spells:

 Your Spells              Type           Power        Failure   Level  Hunger
a - Mephitic Cloud        Conj/Pois/Air  #####...     1%          3    None
b - Iskenderun's Mystic   Conj           ######..     1%          4    ##.....
c - Conjure Flame         Conj/Fire      ######..     1%          3    None
d - Summon Butterflies    Summ           ##......     2%          1    None
e - Bolt of Fire          Conj/Fire      ######....   1%          6    ######.
f - Orb of Destruction    Conj           ######....   4%          7    #######

Your spell library contained the following spells:

 Spells                   Type           Power        Failure   Level  Hunger
 Magic Dart               Conj           ####         1%          1    None
 Sting                    Conj/Pois      ####         1%          1    None
 Poisonous Vapours        Pois/Air       ###...       1%          2    None
 Searing Ray              Conj           ######       1%          2    None
 Dazzling Spray           Conj/Hex       #####.       1%          3    None
 Ignite Poison            Fire/Tmut/Pois #####...     1%          3    None
 Force Lance              Conj/Tloc      #####...     1%          4    ##.....
 Fulminant Prism          Conj/Hex       #####.....   1%          4    ##.....
 Sticky Flame             Conj/Fire      ######..     1%          4    ##.....
 Iskenderun's Battlesphe  Conj/Chrm      #####...     1%          5    ####...
 Apportation              Tloc           ##....       2%          1    None
 Confusing Touch          Hex            ##....       2%          1    None
 Confuse                  Hex            ##......     8%          3    None
 Gell's Gravitas          Tloc           ##........   8%          3    None
 Lesser Beckoning         Tloc           ##........   8%          3    None
 Tukima's Dance           Hex            ##......     8%          3    None
 Conjure Ball Lightning   Conj/Air       #####.....   9%          6    ######.
 Yara's Violent Unravell  Hex/Tmut       ##........   17%         5    ####...
 Freezing Cloud           Conj/Ice/Air   ####......   17%         6    ######.
 Petrify                  Tmut/Erth      ##......     24%         4    ##.....
 Alistair's Intoxication  Tmut/Pois      ###.....     24%         5    ####...
 Metabolic Englaciation   Hex/Ice        ##........   52%         5    ####...
 Ring of Flames           Chrm/Fire      #####.....   71%         7    #######
 Invisibility             Hex            ##......     97%         6    ######.


Dungeon Overview and Level Annotations

Branches:
Dungeon (12/15)            Temple (1/1) D:7            Lair (6/6) D:11
  Swamp (0/4) Lair:2        Snake (0/4) Lair:3        Slime (0/5) Lair:5
    Orc (0/2) D:9

Altars:
Ashenzari
Cheibriados
Dithmenos
Fedhas
Gozag
Hepliaklqana
Kikubaaqudgha
Makhleb
Nemelex Xobeh
Okawaru
Qazlal
Ru
Sif Muna
Trog
Uskayaw
Vehumet
Wu Jian
Xom
Zin
The Shining One
Jiyva

Shops:
D:7 (   D:9 [

Annotations:
D:5 1 runed translucent door, Crazy Yiuf
Lair:5 1 runed translucent door, Quickbrownfox's ghost, journeyman MfSu


Message History

Unknown command.
Casting: Conjure Flame (safe; 1% risk of failure)
Confirm with . or Enter, or press ? or * to list all spells.
Aiming: Iskenderun's Mystic Blast (safe; 1% risk of failure)
Press: ? - help, Shift-Dir - straight line, f - seven-headed hydra
Aim: a seven-headed hydra (flame, heavily wounded)
The orb of energy hits the seven-headed hydra!
The seven-headed hydra is severely wounded.
The orb of energy explodes!
The mystic blast hits the plant!
The plant is lightly damaged.
You hear an angry hiss.
The seven-headed hydra is engulfed in blazing flames.
The seven-headed hydra bites you but does no damage.
The seven-headed hydra closely misses you.
You block the seven-headed hydra's attack.
The seven-headed hydra bites you! The seven-headed hydra bites you.
The seven-headed hydra bites you!
* * * LOW HITPOINT WARNING * * *
The seven-headed hydra bites you!
You die...

#...#.P..##....###P#.#
##.....................
#.....#...#............
#P..####..##...........
##....##..#............
#...#..................
##..P......#.P..<.......
#...P...................
#.#..#.P@P.P............
##..#####D/###..†.......
#..#....#..#...........
#..D...................
##..[................≈#
#....................≈#
#?..............
#............(..(.....≈
##.......PP..........≈##


You could see a seven-headed hydra.

Vanquished Creatures
  2 entropy weavers (Lair:5)
  Josephine (D:10)
  Fannar (Lair:2)
  Harold (Lair:2)
  4 hydras
  Erica (D:9)
  A catoblepas (Lair:6)
  2 two-headed ogres (D:11)
  A centaur warrior (D:11)
  A queen ant (Lair:5)
  2 death yaks
  An unseen horror (D:10)
  A sea snake (Lair:5)
  A swamp dragon (Lair:2)
  5 elephants
  2 manticores (Lair:6)
  A black mamba (Lair:5)
  A gargoyle (D:9)
  A torpor snail (Lair:3)
  11 spiny frogs
  4 rime drakes
  4 komodo dragons
  4 hornets
  4 trolls
  3 blink frogs (Lair:2)
  2 polar bears
  A wind drake (Lair:6)
  A slime creature (D:11)
  4 hippogriffs
  2 dream sheep (Lair:3)
  5 wraiths
  20 yaks
  5 wyverns
  2 basilisks
  6 nagas (Lair:3)
  Edmund (D:4)
  26 soldier ants
  16 water moccasins
  2 ice beasts
  9 porcupines
  6 orc warriors
  3 phantoms
  2 black bears
  6 wolves
  A necrophage (D:9)
  A sky beast (D:3)
  A centaur (D:11)
  8 ogres
  21 crocodiles
  A big kobold (D:11)
  11 bullfrogs
  A gnoll sergeant (D:7)
  10 scorpions
  A water moccasin skeleton (D:6)
  4 wights (D:7)
  An electric eel (Lair:3)
  4 howler monkeys (D:9)
  6 crimson imps
  12 orc wizards
  9 hounds
  8 orc priests
  2 centaur skeletons
  A bullfrog skeleton (D:9)
  25 worker ants
  4 iguanas
  5 hell rats (Lair:4)
  A worker ant zombie (D:8)
  8 gnolls
  8 adders
  4 shadow imps
  An adder zombie (D:9)
  An adder skeleton (D:8)
  6 worms
  3 dart slugs
  4 leopard geckos
  42 orcs
  3 giant cockroaches
  9 goblins
  10 hobgoblins
  15 jackals
  8 quokkas
  2 ball pythons
  10 bats
  5 frilled lizards
  8 kobolds
  A leopard gecko skeleton (D:7)
  6 rats
  A fungus (Lair:5)
472 creatures vanquished.

Vanquished Creatures (others)
  A centaur (D:10)
  22 fungi
  13 plants
36 creatures vanquished.

Grand Total: 508 creatures vanquished

Notes
Turn   | Place    | Note
-------+----------+-------------------------------------------
     0 | D:1      | Froggeryz the Deep Elf Assassin began the quest for the
                  | Orb.
     0 | D:1      | Reached XP level 1. HP: 12/12 MP: 3/3
    23 | D:1      | Reached skill level 1 in Spellcasting
   195 | D:1      | Reached XP level 2. HP: 10/16 MP: 7/7
   733 | D:1      | Reached XP level 3. HP: 18/20 MP: 9/9
  1691 | D:3      | Reached XP level 4. HP: 24/25 MP: 10/10
  2049 | D:3      | Noticed an ice beast
  2069 | D:3      | Killed an ice beast
  2069 | D:3      | Reached skill level 5 in Short Blades
  2069 | D:3      | Reached XP level 5. HP: 10/29 MP: 11/11
  2359 | D:3      | Found a stormy altar of Qazlal.
  2468 | D:3      | Found an opulent altar of Gozag.
  2930 | D:3      | Reached XP level 6. HP: 21/35 MP: 12/12
  3417 | D:4      | Noticed a sky beast
  3479 | D:4      | Found a sparkling altar of Nemelex Xobeh.
  3952 | D:4      | Noticed Edmund
  4034 | D:4      | Killed Edmund
  4034 | D:4      | Reached XP level 7. HP: 40/40 MP: 13/13
  4480 | D:5      | Entered Level 5 of the Dungeon
  4800 | D:5      | Found a runed translucent door.
  4801 | D:5      | Noticed Crazy Yiuf
  4913 | D:5      | Reached XP level 8. HP: 43/46 MP: 14/14
  5353 | D:6      | Found a hide-covered altar of Uskayaw.
  5586 | D:6      | Learned a level 3 spell: Mephitic Cloud
  5931 | D:6      | Found a stormy altar of Qazlal.
  5941 | D:6      | Found a blossoming altar of Fedhas.
  6105 | D:6      | Reached skill level 1 in Poison Magic
  6636 | D:7      | Found Poazo's Antique Weapon Shoppe.
  6636 | D:7      | You fall into a shaft and drop 1 floor!
  6729 | D:7      | Reached XP level 9. HP: 40/52 MP: 14/18
  6732 | D:7      | Reached skill level 5 in Spellcasting
  6733 | D:7      | Found a staircase to the Ecumenical Temple.
  6788 | D:7      | Reached skill level 5 in Poison Magic
  6876 | Temple   | Entered the Ecumenical Temple
  6888 | Temple   | Became a worshipper of Vehumet
  7006 | D:7      | Learned a level 4 spell: Iskenderun's Mystic Blast
  7085 | D:7      | Bought a crystal rapier for 198 gold pieces
  7085 | D:7      | Identified the +10 rapier of Recklessness {pierce, rC+
                  | Str+3} (You bought it in a shop on level 7 of the Dungeon)
  7134 | D:7      | Reached skill level 1 in Conjurations
  7297 | D:7      | Found a shimmering altar of Xom.
  7377 | D:8      | Found a glowing golden altar of the Shining One.
  7750 | D:8      | You fall into a shaft and drop 2 floors!
  7750 | D:10     | Entered Level 10 of the Dungeon
  7751 | D:10     | Noticed a troll
  7751 | D:10     | Noticed a troll
  7768 | D:9      | Found a staircase to the Orcish Mines.
  7768 | D:9      | Noticed Erica
  7801 | D:9      | Reached skill level 5 in Conjurations
  8308 | D:9      | Noticed a gargoyle
  8322 | D:9      | Killed a gargoyle
  8491 | D:9      | Reached * piety under Vehumet
  8491 | D:9      | Offered knowledge of Sandblast by Vehumet.
  8509 | D:9      | Found an iron altar of Okawaru.
  8727 | D:9      | Reached XP level 10. HP: 39/56 MP: 19/19
  8820 | D:9      | Found Eqused's Armour Boutique.
  8831 | D:9      | Bought a +0 helmet of see invisible for 149 gold pieces
  8896 | D:9      | Reached skill level 1 in Shields
  8902 | D:9      | Killed Erica
  9027 | D:9      | Reached ** piety under Vehumet
  9027 | D:9      | Offered knowledge of Throw Frost by Vehumet.
  9032 | D:9      | Reached skill level 10 in Conjurations
  9808 | D:10     | Noticed Josephine
  9944 | D:10     | Got a faintly glowing granite ring
 10005 | D:10     | Noticed an unseen horror
 10016 | D:10     | Killed an unseen horror
 10105 | D:10     | Reached XP level 11. HP: 61/61 MP: 6/20
 10278 | D:10     | Offered knowledge of Inner Flame by Vehumet.
 10508 | D:10     | Killed Josephine
 10756 | D:11     | Found a staircase to the Lair.
 10873 | D:11     | Reached skill level 5 in Shields
 10879 | D:11     | Reached *** piety under Vehumet
 10917 | D:11     | Learned a level 3 spell: Conjure Flame
 10948 | D:11     | Reached skill level 1 in Fire Magic
 11079 | D:11     | Noticed a two-headed ogre
 11087 | D:11     | Killed a two-headed ogre
 11087 | D:11     | Reached skill level 2 in Fire Magic
 11117 | D:11     | Noticed a centaur warrior
 11126 | D:11     | Killed a centaur warrior
 11126 | D:11     | Reached skill level 3 in Fire Magic
 11132 | D:11     | Reached skill level 4 in Fire Magic
 11140 | D:11     | Offered knowledge of Sticky Flame by Vehumet.
 11179 | D:11     | Noticed a two-headed ogre
 11187 | D:11     | Killed a two-headed ogre
 11187 | D:11     | Reached skill level 5 in Fire Magic
 11702 | D:11     | Learned a level 1 spell: Summon Butterflies
 11825 | D:11     | Reached skill level 6 in Fire Magic
 11954 | Lair:1   | Entered Level 1 of the Lair of Beasts
 11954 | Lair:1   | Noticed a seven-headed hydra
 11968 | Lair:1   | Killed a seven-headed hydra
 11972 | Lair:1   | Reached **** piety under Vehumet
 12151 | Lair:1   | Reached skill level 7 in Fire Magic
 12292 | Lair:1   | Offered knowledge of Bolt of Draining by Vehumet.
 12300 | Lair:1   | Reached XP level 12. HP: 66/66 MP: 26/26
 12816 | Lair:2   | Noticed Harold
 12833 | Lair:2   | Killed Harold
 12833 | Lair:2   | Reached skill level 8 in Fire Magic
 13035 | Lair:2   | Found a staircase to the Swamp.
 13409 | Lair:2   | Reached skill level 5 in Fighting
 13442 | Lair:2   | Identified the ring of Nomas {+Blink MR+ Stlth-} (You found
                  | it on level 10 of the Dungeon)
 13451 | Lair:2   | Identified a scroll of acquirement
 13451 | Lair:2   | Identified the Compendium of the Volcanoes and Battle Magic
                  | (You acquired it on level 2 of the Lair of Beasts)
 13460 | Lair:2   | Learned a level 6 spell: Bolt of Fire
 13580 | Lair:2   | Reached skill level 9 in Fire Magic
 13590 | Lair:2   | Noticed Fannar
 13597 | Lair:2   | Killed Fannar
 14345 | Lair:3   | Reached skill level 10 in Fire Magic
 14501 | Lair:3   | Found a staircase to the Snake Pit.
 15001 | Lair:3   | Reached skill level 11 in Fire Magic
 15564 | Lair:3   | Reached ***** piety under Vehumet
 15564 | Lair:3   | Offered knowledge of Olgreb's Toxic Radiance by Vehumet.
 16259 | Lair:4   | Reached XP level 13. HP: 62/72 MP: 27/27
 16420 | Lair:4   | Reached skill level 10 in Short Blades
 17072 | Lair:5   | Reached skill level 1 in Evocations
 17143 | Lair:5   | Reached skill level 12 in Fire Magic
 17347 | Lair:5   | Noticed an entropy weaver
 17355 | Lair:5   | Killed an entropy weaver
 17414 | Lair:5   | Noticed an entropy weaver
 17716 | Lair:5   | Killed an entropy weaver
 17791 | Lair:5   | Found a runed translucent door.
 17792 | Lair:5   | Noticed Quickbrownfox's ghost (journeyman MfSu)
 17881 | Lair:5   | Reached skill level 13 in Fire Magic
 17890 | Lair:5   | Offered knowledge of Orb of Destruction by Vehumet.
 17938 | Lair:5   | Learned a level 7 spell: Orb of Destruction
 18803 | Lair:5   | Reached skill level 5 in Evocations
 18872 | Lair:5   | Found a viscous altar of Jiyva.
 18873 | Lair:5   | Found a staircase to the Slime Pits.
 19055 | Lair:6   | Entered Level 6 of the Lair of Beasts
 19401 | Lair:5   | Reached skill level 14 in Fire Magic
 20916 | Lair:6   | Mangled by a seven-headed hydra

Levels and vault maps discovered:
D:1:      dpeg_arrival_round_c, layout_rooms, serial_rivers,
          chequers_serial_rivers_small_b, chequers_serial_rivers_small_b,
          chequers_serial_rivers_micro_d, chequers_serial_rivers_small_b,
          wander_ebering_terrifying_dragon_lair
D:2:      layout_basic
D:3:      layout_basic, lemuel_crystal_altar, nicolae_overflow_hidden_temple,
          first_ration, guppyfry_early_lair_pool
D:4:      layout_gridville, lemuel_round_altar, dk_rats_in_the_wall, uniq_edmund
D:5:      layout_gridville, uniq_crazy_yiuf_cottage
D:6:      layout_basic, lemuel_doored_altar, fedhas_altar_3, grunt_qazlal_clouds
D:7:      layout_rooms, lemuel_crystal_altar,
          minmay_temple_entry_drinking_statues, serial_shops, shop
D:8:      layout_loops_ring, tso_metal_star
D:9:      layout_loops_ring, okawaru_ov_weapons_minmay, orc_david_3,
          serial_shops, nicolae_shop_trees, hangedman_pestilent_swarm,
          uniq_erica
D:10:     layout_cave_pools, hex_large, uniq_josephine
D:11:     layout_grid_maze, minmay_lair_entry_grove
D:12:     layout_stronghold, fungi_pond_lemuel, wad_floor_pattern_untrapped,
          uniq_nessos
Temple:   eino_temple_lava
Lair:1:   layout_misc_corridors, grunt_megastairs_3
Lair:2:   layout_loops_ring, minmay_swamp_entry_reptiles, uniq_harold,
          uniq_fannar
Lair:3:   layout_regular_city, minmay_snake_entry_guardpost_medium,
          lemuel_fruit_fields, serial_bayou_shore_a
Lair:4:   layout_roguey, nicolae_lair_grove_arrangements
Lair:5:   layout_layer_cave, dpeg_slime_entry_enclosed_altar,
          ebering_ghost_inner_flame, minivault_29, grunt_megastairs_5
Lair:6:   gammafunk_lair_ancient_temple, layout_regular_city, st_stairs_13

Skill      XL: |  1  2  3  4  5  6  7  8  9 10 11 12 13 |
---------------+----------------------------------------+-----
Spellcasting   | 2 3 4 5 8 9 |  9.8
Short Blades   | 3 5 6 7 8 9 10 | 10.0
Fighting       | 2 3 4 5 6 |  6.2
Dodging        | 2 3 4 |  4.7
Poison Magic   | 4 5 |  5.2
Conjurations   | 8 11 12 | 12.4
Shields        | 4 5 |  5.0
Fire Magic     | 7 11 14 | 14.0
Evocations     | 5 |  5.0
Throwing       | |  2.0
Stealth        | |  4.8

Action                   |  1- 3 |  4- 6 |  7- 9 | 10-12 | 13-15 || total
-------------------------+-------+-------+-------+-------+-------++-------
Melee: Dagger            |   158 |   232 |   303 |       |       ||   693
       Rapier            |       |       |   129 |   547 |   262 ||   938
       Spear             |       |       |    30 |       |       ||    30
Throw: Dart              |     9 |    19 |     7 |       |       ||    35
       Throwing net      |       |       |     3 |       |       ||     3
       Javelin           |       |       |       |     4 |     1 ||     5
 Cast: Mephitic Cloud    |       |       |     4 |    20 |       ||    24
       Iskenderun's Myst |       |       |     3 |    80 |    62 ||   145
       Conjure Flame     |       |       |       |     7 |    20 ||    27
       Bolt of Fire      |       |       |       |     8 |    34 ||    42
       Summon Butterflie |       |       |       |     2 |       ||     2
       Orb of Destructio |       |       |       |       |     2 ||     2
Evoke: Wand              |       |     6 |       |     2 |     5 ||    13
  Use: Scroll            |     1 |     4 |     2 |    16 |     1 ||    24
       Potion            |       |       |     6 |     1 |     3 ||    10
 Stab: Sleeping          |    10 |     6 |    10 |     8 |     3 ||    37
       Confused          |       |       |     7 |    15 |       ||    22
       Held in net/web   |       |       |     1 |       |       ||     1
       Distracted        |       |       |       |       |     1 ||     1
       Paralysed         |       |       |       |       |     1 ||     1
  Eat: Chunk             |     2 |     8 |     9 |    35 |    26 ||    80
       Ration            |       |       |     2 |       |     2 ||     4
Armor: Robe              |    52 |    55 |    72 |    58 |    34 ||   271
Dodge: Dodged            |   101 |   121 |   225 |   218 |    97 ||   762
Block: Other             |       |       |    58 |       |       ||    58
       Buckler           |       |       |       |   271 |   152 ||   423
       Reflection        |       |       |       |     6 |     4 ||    10
